 Dungeon Crawl Stone Soup version 0.29-a0-350-g7790a0e70a (webtiles) character file.

Game seed: 4237859605022986445

45588 zishaf the Impassioned (level 14, -12/72 HPs)
             Began as a Vine Stalker Brigand on Apr 22, 2022.
             Was a Believer of Uskayaw.
             Killed by divine providence
             ... invoked by an orc priest
              (14 damage)
             ... on level 2 of the Orcish Mines.
             The game lasted 00:46:29 (16676 turns).

zishaf the Impassioned (Vine Stalker Brigand)      Turns: 16676, Time: 00:46:31

Health: -12/72     AC: 24    Str: 16    XL:     14   Next: 33%
Magic:  0/27       EV:  9    Int: 11    God:    Uskayaw [**....]
Gold:   1693       SH: 11    Dex: 19    Spells: 13/13 levels left

rFire   . . .      SeeInvis .   a - +1 dagger (elec)
rCold   . . .      Faith    +   A - +0 kite shield
rNeg    . . .      Spirit   +   Q - +2 chain mail {rPois}
rPois   +          Reflect  .   D - +2 hat {Stlth+}
rElec   .          Harm     .   T - +1 cloak {rPois}
rCorr   .          Rampage  .   o - +2 pair of gloves {hurl}
Will    +....                   n - +1 pair of boots
Stlth   ++........              H - amulet of faith
HPRegen 1.02/turn               i - +4 ring of evasion
MPRegen 0.20/turn               c - ring of the Komodo Dragon {AC+4 Slay+3}

@: about to teleport
A: fangs 3, regeneration 1, magic shield, antimagic bite, no potion heal 2, wild
magic 1, MP-powered wands
a: Renounce Religion, Stomp, Line Pass


You were on level 2 of the Orcish Mines.
You worshipped Uskayaw.
Uskayaw was most pleased with you.
You visited 3 branches of the dungeon, and saw 18 of its levels.
You also visited: Ossuary and Gauntlet.

You collected 1994 gold pieces.
You spent 301 gold pieces at shops.

Inventory:

Hand Weapons
 a - a +1 dagger of electrocution (weapon)
 w - a +2 dagger of holy wrath
 z - a +5 dagger of venom
Missiles
 d - 40 poisoned darts
 e - 6 curare-tipped darts
 j - 2 silver boomerangs
 p - 10 boomerangs (quivered)
 r - 4 boomerangs of dispersal
 x - 3 datura-tipped darts
 F - 2 throwing nets
 R - 4 javelins
Armour
 l - the +1 chain mail "Niemnel" {*Corrode rF++ rC+++}
   (You found it in a Gauntlet)

   rF:        It greatly protects you from fire.
   rC:        It renders you almost immune to cold.
   *Corrode:  It may corrode you when you take damage.
 n - a +1 pair of boots (worn)
 o - a +2 pair of gloves of hurling (worn)
 A - a +0 kite shield (worn)
 D - a +2 hat of stealth (worn)
 Q - a +2 chain mail of poison resistance (worn)
 T - a +1 cloak of poison resistance (worn)
Jewellery
 c - the ring of the Komodo Dragon (right hand) {AC+4 Slay+3}
   (You found it in a Gauntlet)

   [ring of protection]

   AC:        It affects your AC (+4).
   Slay:      It affects your accuracy & damage with ranged weapons and melee
   (+3).
 i - a +4 ring of evasion (left hand)
 m - a ring of flight
 B - a ring of protection from cold
 H - an amulet of faith (around neck)
Wands
 v - a wand of polymorph (36)
 I - a wand of digging (6)
 K - a wand of charming (6)
 N - a wand of paralysis (7)
 W - a wand of flame (10)
 X - a wand of iceblast (11)
Scrolls
 b - 2 scrolls of enchant weapon
 g - 10 scrolls of identify
 h - 3 scrolls of magic mapping
 k - 5 scrolls of blinking
 u - 2 scrolls of fog
 E - 13 scrolls of teleportation
 P - a scroll of silence
 V - 2 scrolls of enchant armour
Potions
 f - a potion of invisibility
 q - 3 potions of brilliance
 s - a potion of lignification
 t - 10 potions of curing
 C - 2 potions of flight
 G - 4 potions of mutation
 J - a potion of might
 M - a potion of resistance
 Y - 2 potions of attraction
 Z - a potion of haste
Miscellaneous
 y - a phantom mirror
 L - a condenser vane
 U - a phial of floods


   Skills:
 - Level 7.0 Fighting
 - Level 10.0 Short Blades
 - Level 3.0 Throwing
 - Level 3.0 Armour
 - Level 0.7 Dodging
 - Level 8.0 Stealth
 - Level 6.0 Shields
 * Level 17.8 Invocations
 - Level 5.0 Evocations


You had 13 spell levels left.
You didn't know any spells.
Your spell library contained the following spells:

 Spells                   Type           Power      Damage    Failure   Level
 Magic Dart               Conj           0%         1d3       100%        1
 Slow                     Hex            0%         N/A       100%        1
 Call Imp                 Summ           0%         N/A       100%        2
 Corpse Rot               Necr/Air       0%         N/A       100%        2
 Ensorcelled Hibernation  Hex/Ice        0%         N/A       100%        2
 Poisonous Vapours        Pois/Air       0%         N/A       100%        2
 Call Canine Familiar     Summ           0%         N/A       100%        3
 Confusing Touch          Hex            0%         N/A       100%        3
 Gell's Gravitas          Tloc           0%         N/A       100%        3
 Mephitic Cloud           Conj/Pois/Air  0%         N/A       100%        3
 Portal Projectile        Hex/Tloc       0%         N/A       100%        3
 Spider Form              Tmut/Pois      0%         N/A       100%        3
 Teleport Other           Tloc           0%         N/A       100%        3
 Vampiric Draining        Necr           0%         2d6       100%        3
 Anguish                  Hex/Necr       0%         N/A       100%        4
 Animate Dead             Necr           0%         N/A       100%        4
 Dispel Undead            Necr           0%         3d6       100%        4
 Leda's Liquefaction      Hex/Erth       0%         N/A       100%        4
 Metabolic Englaciation   Hex/Ice        0%         N/A       100%        5
 Yara's Violent Unravell  Hex/Tmut       0%         3d3       100%        5
 Death Channel            Necr           0%         N/A       100%        6
 Dispersal                Tloc           0%         N/A       100%        6
 Enfeeble                 Hex            0%         N/A       100%        7
 Haunt                    Necr/Summ      0%         N/A       100%        7
 Malign Gateway           Summ/Tloc      0%         N/A       100%        7
 Infestation              Necr           0%         N/A       100%        8
 Summon Horrible Things   Summ           0%         N/A       100%        8
 Polar Vortex             Ice            0%         N/A       100%        9


Dungeon Overview and Level Annotations

Branches:
Dungeon (11/15)            Temple (0/1) D:4            Lair (5/6) D:10
  Swamp (0/4) Lair:2       Spider (0/4) Lair:3        Slime (0/5) Lair:5
    Orc (2/2) D:9             Elf (0/3) Orc:2       Ossuary (visited)
Gauntlet (visited)

Altars:
Ashenzari
Gozag
Makhleb
Nemelex Xobeh
Okawaru
Qazlal
Ru
Sif Muna
Uskayaw
Xom
Yredelemnul
Zin
Jiyva

Shops:
D:6 [

Annotations:
Orc:2 2 runed translucent doors, exclusion: orange crystal statue


Innate Abilities, Weirdness & Mutations

You have razor-sharp teeth.
Your natural rate of healing is unusually fast.
When hurt, damage is shared between your health and your magic reserves.
Your bite disrupts and absorbs the magic of your enemies.
Potions cannot restore your health.
Your spells are a little harder to cast, but a little more powerful.
You expend magic power (3 MP) to strengthen your wands.


Message History

The orc high priest calls down the wrath of Beogh upon you.
Beogh smites you!
The orc knight roars a battlecry!
The orc priest goes into a battle-frenzy!
An orc high priest comes into view. It is wielding a +0 flail.
An orc sorcerer comes into view. It is wielding a +0 dagger.
The orc sorcerer casts a spell.
The orc moves out of view. x2
You hear a shout!
The orc wizard shouts!
The orc priest shouts!
The helpless orc sorcerer fails to defend itself.
You stick the orc sorcerer like a pincushion!!!!
Lightning courses through the orc sorcerer!
You kill the orc sorcerer!
The rust devil disappears in a puff of smoke!
The orc sorcerer shouts!
The orc priest is no longer paralysed.
The orc is no longer paralysed.
You hear a shout! x2
You can now pass through a line of other dancers.
As you read the scroll of teleportation, it crumbles to dust.
You feel strangely unstable.
The orc knight is no longer paralysed.
The orc is no longer paralysed.
The orc warlord roars a battlecry!
The orc goes into a battle-frenzy!
The orc knight barely misses you. Something hits you.
The orc high priest prays to Beogh.
The orc priest looks encouraged for a moment.
You hear a shout!
You hit the orc. Your bite misses the orc.
The orc is heavily wounded.
The orc hits you but does no damage. You block the orc's attack.
The orc knight hits you but does no damage.
The orc knight hits you with a +3 long sword!!
* * * LOW HITPOINT WARNING * * *
Something hits you but does no damage.
The orc priest invokes the aid of Beogh against you.
Beogh smites you!
* * * LOW HITPOINT WARNING * * *
The orc priest invokes the aid of Beogh against you.
Beogh smites you!
You die...

....# ....#
........o.... ....#
...oooooo... ....#
...oo.ooo3. ....#
#o.o.o.o.4# ..#.#
#oooo.o...# [<[.#
#.........# [)#.#
#..o{o....# )#)##
#..@oo....# [...####
#####oo...###
.......#
#....o)))...#
......##
#...#))).)$##
.....##
###.##.#)....#
.).)##
##.###.......##
[.<).#
#....##.....##
[.[)###
##....#...###
..)##.####.........#


You could see an orc warlord (strong), 3 orc knights, a soul eater (summoned), 2
orc high priests, an orange demon (summoned), 2 orc sorcerers, 6 orc warriors, 5
orc priests, 4 orc wizards and 5 orcs.

Vanquished Creatures
  Jorgrun (Orc:1)
  A minotaur (Gauntlet)
  5 hydras
  A boulder beetle (D:9)
  Erica (D:10)
  An orc high priest (Orc:2)
  A hell hog (Gauntlet)
  2 orc knights (Orc:2)
  5 orc sorcerers
  A cyclops (Orc:1)
  A manticore (D:11)
  11 elephants
  3 black mambas
  Joseph (D:8)
  An eye of devastation (Gauntlet)
  A torpor snail (Lair:2)
  8 cane toads
  2 unseen horrors (D:11)
  A rime drake (Lair:5)
  10 komodo dragons
  An efreet (Gauntlet)
  A hornet (D:8)
  5 trolls
  3 polar bears (Lair:5)
  8 dream sheep
  3 blink frogs (Lair:1)
  A jumping spider (Lair:3)
  3 wyverns
  2 vampires
  39 yaks
  A basilisk (Lair:4)
  3 fire bats (Gauntlet)
  2 fire elementals (Gauntlet)
  A golden eye (Gauntlet)
  Grum (D:8)
  9 vampire mosquitoes
  3 wargs
  A swamp worm (Lair:2)
  3 hell hounds (Gauntlet)
  8 water moccasins
  27 orc warriors
  2 sky beasts
  2 black bears
  6 ogres
  2 wolves (D:8)
  7 centaurs
  2 kobold brigands
  12 bullfrogs
  A gnoll sergeant (D:9)
  2 scorpions
  17 wights
  3 killer bees (D:9)
  2 electric eels (Lair:2)
  14 howler monkeys
  A centaur zombie (Ossuary)
  2 jellies
  22 orc priests
  3 hounds
  Crazy Yiuf (D:2)
  2 gnoll shamans
  Jessica (D:3)
  3 iguanas
  21 orc wizards
  5 mummies (Ossuary)
  Robin (D:2)
  11 gnolls
  10 adders
  A shadow imp (D:5)
  2 ufetubi
  2 worms
  A dart slug (D:3)
  106 orcs
  3 bats (D:2)
  4 endoplasms
  3 giant cockroaches
  A gnoll zombie (Ossuary)
  12 goblins
  12 hobgoblins
  9 jackals
  5 quokkas
  9 ball pythons
  2 frilled lizards (D:1)
  3 goblin zombies (Ossuary)
  A hobgoblin zombie (Ossuary)
  15 kobolds
  A kobold zombie (Ossuary)
  An orc zombie (Ossuary)
  6 rats
537 creatures vanquished.

Vanquished Creatures (collateral kills)
  2 hounds (D:6)
2 creatures vanquished.

Vanquished Creatures (others)
  An orc (Orc:2)
  2 demonic plants (Gauntlet)
  12 fungi
  10 plants
25 creatures vanquished.

Grand Total: 564 creatures vanquished

Notes
Turn   | Place    | Note
-------+----------+-------------------------------------------
     0 | D:1      | zishaf the Vine Stalker Brigand began the quest for the
                  | Orb.
     0 | D:1      | Reached XP level 1. HP: 11/11 MP: 2/2
   358 | D:1      | Reached skill level 5 in Stealth
   358 | D:1      | Reached XP level 2. HP: 7/15 MP: 3/3
   539 | D:1      | Found a faded altar of an unknown god.
  1526 | D:2      | Reached XP level 3. HP: 18/18 MP: 4/4
  1854 | D:2      | Found a runed translucent door.
  1855 | D:2      | Noticed Crazy Yiuf
  1897 | D:2      | Noticed Robin
  1917 | D:2      | Gained mutation: Your natural rate of healing is unusually
                  | fast. [Vine Stalker growth]
  1917 | D:2      | Reached XP level 4. HP: 7/23 MP: 2/5
  1925 | D:2      | Killed Robin
  2131 | D:2      | Killed Crazy Yiuf
  2246 | D:3      | Reached XP level 5. HP: 27/27 MP: 6/6
  2249 | D:3      | Found an iron altar of Okawaru.
  2568 | D:3      | Noticed a +0 dagger
  2570 | D:3      | Noticed a +0 dagger
  2582 | D:3      | Reached XP level 6. HP: 27/32 MP: 7/7
  2596 | D:3      | Found a hide-covered altar of Uskayaw.
  2601 | D:3      | Became a worshipper of Uskayaw the Reveller
  2629 | D:3      | Noticed Jessica
  2632 | D:3      | Reached * piety under Uskayaw
  2634 | D:3      | Killed Jessica
  2634 | D:3      | Reached ** piety under Uskayaw
  2930 | D:4      | Noticed Sigmund
  2952 | D:4      | Noticed Sigmund
  2952 | D:4      | Sigmund changed into Sigmund the howler monkey
  2962 | D:4      | Killed Sigmund the howler monkey
  2963 | D:4      | Reached skill level 1 in Invocations
  2963 | D:4      | Reached *** piety under Uskayaw
  2978 | D:4      | Reached **** piety under Uskayaw
  3005 | D:4      | Found a staircase to the Ecumenical Temple.
  3130 | D:4      | Noticed a black bear
  3148 | D:4      | Killed a black bear
  3150 | D:4      | Reached skill level 2 in Invocations
  3157 | D:4      | Reached ***** piety under Uskayaw
  3160 | D:4      | Reached XP level 7. HP: 27/36 MP: 9/9
  3560 | D:5      | Entered Level 5 of the Dungeon
  3623 | D:5      | Reached skill level 3 in Invocations
  3773 | D:5      | Found a shimmering blue altar of Sif Muna.
  4177 | D:6      | Gained mutation: You have razor-sharp teeth. [Vine Stalker
                  | growth]
  4177 | D:6      | Reached XP level 8. HP: 17/42 MP: 11/11
  4200 | D:6      | Reached skill level 4 in Invocations
  4313 | D:6      | Identified the +5 trident "Vopevion" {vorpal, *Corrode rF+
                  | Int+4}
  4490 | D:6      | Found a sand-covered staircase.
  4498 | Ossuary  | Entered an ossuary
  4840 | D:6      | Reached skill level 5 in Invocations
  5153 | D:6      | Found Acrela Akhoo's Armour Boutique.
  5158 | D:6      | Bought a +2 pair of gloves of hurling for 301 gold pieces
  5482 | D:7      | Found a stormy altar of Qazlal.
  5613 | D:7      | Reached skill level 5 in Short Blades
  5616 | D:7      | Reached skill level 5 in Fighting
  5616 | D:7      | Reached skill level 6 in Invocations
  5616 | D:7      | Reached XP level 9. HP: 47/47 MP: 11/14
  5808 | D:7      | Found a sacrificial altar of Ru.
  6009 | D:7      | Found a broken altar of Ashenzari.
  6176 | D:7      | Reached skill level 7 in Invocations
  6263 | D:8      | Noticed Joseph
  6324 | D:8      | Killed Joseph
  6416 | D:8      | Noticed Grum
  6420 | D:8      | Killed Grum
  6421 | D:8      | Reached skill level 8 in Invocations
  6495 | D:8      | Reached XP level 10. HP: 53/53 MP: 17/17
  6669 | D:8      | Noticed Maurice
  6697 | D:8      | Noticed Maurice
  6697 | D:8      | Maurice changed into Maurice the wyvern
  6710 | D:8      | Killed Maurice the wyvern
  6775 | D:8      | Reached skill level 9 in Invocations
  7029 | D:8      | Found an opulent altar of Gozag.
  7029 | D:8      | Found a sparkling altar of Nemelex Xobeh.
  7241 | D:9      | Found a burning altar of Makhleb.
  7242 | D:9      | Found a basalt altar of Yredelemnul.
  7242 | D:9      | Found a shimmering altar of Xom.
  7262 | D:9      | Reached skill level 1 in Evocations
  7296 | D:9      | Reached ****** piety under Uskayaw
  7447 | D:9      | Reached skill level 1 in Shields
  7594 | D:9      | Found a staircase to the Orcish Mines.
  7660 | D:9      | Found a glowing silver altar of Zin.
  7705 | D:9      | Reached skill level 10 in Invocations
  7795 | D:9      | Noticed a boulder beetle
  7816 | D:9      | Killed a boulder beetle
  7817 | D:9      | Reached XP level 11. HP: 39/58 MP: 11/19
  8031 | D:10     | Entered Level 10 of the Dungeon
  8031 | D:10     | Noticed Erica
  8243 | D:10     | Killed Erica
  8640 | D:10     | Found a staircase to the Lair.
  8990 | Lair:1   | Entered Level 1 of the Lair of Beasts
  9031 | Lair:1   | Reached skill level 11 in Invocations
  9133 | Lair:1   | Gained mutation: You are clumsy. (Dex -2) [potion of
                  | mutation]
  9133 | Lair:1   | Lost mutation: You are clumsy. (Dex -2) [potion of
                  | mutation]
  9133 | Lair:1   | Gained mutation: Your spells are a little harder to cast,
                  | but a little more powerful. [potion of mutation]
  9133 | Lair:1   | Gained mutation: You expend magic power (3 MP) to
                  | strengthen your wands. [potion of mutation]
  9863 | Lair:2   | Noticed Urug
  9877 | Lair:1   | Noticed Urug
  9877 | Lair:1   | Urug changed into Urug the yak
  9884 | Lair:1   | Killed Urug the yak
  9885 | Lair:1   | Reached XP level 12. HP: 63/63 MP: 21/21
 10100 | Lair:2   | Reached skill level 12 in Invocations
 10134 | Lair:2   | Reached skill level 5 in Evocations
 10145 | Lair:2   | Reached skill level 1 in Armour
 10169 | Lair:2   | Reached skill level 5 in Shields
 10775 | Lair:2   | Noticed a five-headed hydra
 11008 | Lair:2   | Killed a five-headed hydra
 11032 | Lair:2   | Found a staircase to the Swamp.
 11073 | Lair:2   | Noticed a five-headed hydra
 11083 | Lair:2   | Killed a five-headed hydra
 11386 | Lair:3   | Reached skill level 13 in Invocations
 11530 | Lair:3   | You fall into a shaft and drop 1 floor!
 11599 | Lair:3   | Found a hole to the Spider Nest.
 12376 | Lair:4   | Reached XP level 13. HP: 63/67 MP: 22/24
 12775 | Lair:4   | Reached skill level 14 in Invocations
 13202 | Lair:5   | Reached skill level 10 in Short Blades
 13403 | Lair:5   | Found a viscous altar of Jiyva.
 13404 | Lair:5   | Found a staircase to the Slime Pits.
 13456 | Lair:5   | Reached skill level 15 in Invocations
 15161 | Orc:1    | Entered Level 1 of the Orcish Mines
 15320 | Orc:1    | Reached skill level 16 in Invocations
 15537 | Orc:1    | Noticed Jorgrun
 15569 | Orc:1    | Killed Jorgrun
 15729 | Orc:2    | Entered Level 2 of the Orcish Mines
 15729 | Orc:2    | Found a gate leading to a gauntlet.
 15729 | Orc:2    | Found a staircase to the Elven Halls.
 15752 | Orc:2    | Reached XP level 14. HP: 72/72 MP: 14/27
 15753 | Gauntlet | Entered a Gauntlet
 15753 | Gauntlet | Found a transporter.
 15753 | Gauntlet | Found a transporter.
 15753 | Gauntlet | Found a transporter.
 15774 | Gauntlet | Found a transporter.
 15790 | Gauntlet | Found a transporter.
 15792 | Gauntlet | Found a transporter.
 15806 | Gauntlet | Found a transporter.
 15827 | Gauntlet | Found a transporter.
 15844 | Gauntlet | Found a transporter.
 15848 | Gauntlet | Found a transporter.
 15861 | Gauntlet | Found a transporter.
 15865 | Gauntlet | Found a transporter.
 15913 | Gauntlet | Identified the +2 hat of Wirhuw {rCorr Int+4}
 16036 | Gauntlet | Reached skill level 17 in Invocations
 16044 | Gauntlet | Identified the ring of the Komodo Dragon {AC+4 Slay+3}
 16094 | Gauntlet | Identified the +1 chain mail "Niemnel" {*Corrode rF++
                  | rC+++}
 16095 | Gauntlet | Got the Volume of Flying Cold
 16219 | Orc:2    | Found a runed translucent door.
 16220 | Orc:2    | Found the +10 tower shield of Ignorance {rN+ Int-4}
 16513 | Orc:2    | Found a runed translucent door.
 16664 | Orc:2    | Paralysed by an orc sorcerer for 5 turns
 16673 | Orc:2    | Noticed an orc warlord
 16676 | Orc:2    | HP: 2/72 [orc priest/divine providence (12)]
 16676 | Orc:2    | Killed from afar by an orc priest

Illustrated notes

Levels and vault maps discovered:
D:1:      dpeg_arrival_round_c, layout_loops_corners, basic_ecumenical_altar
D:2:      layout_rooms, uniq_robin, uniq_crazy_yiuf_cottage
D:3:      layout_basic, dancing_weapons_uskayaw, okawaru_trees_2, uniq_jessica
D:4:      minmay_general_purpose_star, layout_cave_pools,
          minmay_temple_entry_tees, hangedman_decor_riveting, uniq_sigmund
D:5:      layout_rooms, mainiacjoe_overflow_paths, minmay_increasing_density
D:6:      layout_loops_ring, serial_shops, shop,
          lightli_ossuary_entry_decrepit_ruins
D:7:      kennysheep_spiral_hall, layout_loops_ring, amcnicky_altar_gilded,
          nicolae_ru_awakened_eye, ashenzari_altar_1
D:8:      layout_loops_ring, grunt_temple_overflow_opulence, centaur_isle,
          uniq_joseph, uniq_maurice, uniq_grum
D:9:      layout_basic, chequers_temple_overflow_statue_of_worship,
          hiddenorc2_lemuel
D:10:     layout_loops_ring, lair_entry_dummy, minmay_misc_feat_ornament,
          uniq_erica
D:11:     layout_roguey, serial_curves, eino_curves_01, eino_curves_01
Lair:1:   layout_loops_ring, minivault_23, chequers_serial_rivers_micro_e
Lair:2:   layout_chaotic_city, palyth_hydra_swamp_entry, lemuel_fruit_fields,
          grunt_megastairs_3, infiniplex_staircase_pool, uniq_urug
Lair:3:   layout_regular_city, spider_nest_entry_rubble
Lair:4:   layout_cave_pods, serial_bayou_shore_b
Lair:5:   layout_layer_cave, slime_altar_1
Orc:1:    layout_caves, uniq_jorgrun
Orc:2:    st_orc_congregation, layout_caves, gauntlet_entry_generic,
          chequers_guarded_unrand_ignorance

Skill      XL: |  1  2  3  4  5  6  7  8  9 10 11 12 13 14 |
---------------+-------------------------------------------+-----
Stealth        | 5 6 7 8 |  8.0
Fighting       | 2 3 4 5 6 7 |  7.0
Short Blades   | 2 3 4 5 6 7 8 9 10 | 10.0
Throwing       | 2 3 |  3.0
Invocations    | 2 3 6 8 10 11 13 16 17 | 17.8
Evocations     | 3 4 5 |  5.0
Shields        | 2 4 6 |  6.0
Armour         | 3 |  3.0
Dodging        | |  0.7

Action                   |  1- 3 |  4- 6 |  7- 9 | 10-12 | 13-15 || total
-------------------------+-------+-------+-------+-------+-------++-------
Melee: Dagger            |    84 |   206 |   443 |   651 |   592 ||  1976
       Bite              |    20 |    66 |   160 |   254 |   217 ||   717
       Punch             |     1 |     1 |     9 |     2 |       ||    13
       Unarmed           |       |     7 |       |       |       ||     7
 Fire: Hunting sling     |     5 |       |       |       |       ||     5
Throw: Dart              |       |     2 |       |     1 |       ||     3
       Boomerang         |       |       |       |    41 |       ||    41
Invok: Grand Finale      |       |       |       |     1 |     5 ||     6
       Stomp             |       |       |       |     4 |       ||     4
       Line Pass         |       |       |       |       |     2 ||     2
Evoke: Wand              |       |     1 |       |     4 |       ||     5
  Use: Scroll            |       |       |    15 |    10 |     5 ||    30
       Potion            |       |       |       |     1 |     2 ||     3
 Stab: Sleeping          |    14 |     6 |    22 |    13 |     2 ||    57
       Paralysed         |       |     4 |    14 |    48 |    57 ||   123
       Distracted        |       |       |     2 |     3 |       ||     5
       Invisible         |       |       |       |       |     2 ||     2
Armor: Leather armour    |    14 |       |       |       |       ||    14
       Ring mail         |    16 |    48 |       |       |       ||    64
       Robe              |       |    38 |   119 |    76 |       ||   233
       Chain mail        |       |       |       |    99 |   248 ||   347
Dodge: Dodged            |    58 |   183 |   233 |   300 |   253 ||  1027
Block: Kite shield       |       |       |       |   192 |   249 ||   441

Table legend: (Time is in decaauts)
 A = Elapsed time spent in this place.
 B = Non-inter-level travel time spent in this place.
 C = Inter-level travel time spent in this place.
 D = Time resting spent in this place.
 E = Time spent auto-exploring this place.
 F = Levels seen in this place.
 G = Mean time per level.
                   A        B        C        D        E       F      G
               +--------+--------+--------+--------+--------+-----+--------+
         Total |  16202 |  15345 |    857 |    737 |  10025 |  20 |  810.1 |
       Dungeon |   9416 |   8816 |    600 |    330 |   5752 |  11 |  856.0 |
          Lair |   5236 |   5003 |    233 |    235 |   3789 |   5 | 1047.2 |
  Orcish Mines |    952 |    929 |     23 |    100 |    484 |   2 |  476.0 |
       Ossuary |    271 |    271 |      0 |     36 |      0 |   1 |  271.0 |
      Gauntlet |    325 |    325 |      0 |     36 |      0 |   1 |  325.0 |
               +--------+--------+--------+--------+--------+-----+--------+

Top non-repeatable levels by time:
     D:1: 1513 daAuts
  Lair:2: 1185 daAuts
     D:9: 1169 daAuts
  Lair:5: 1144 daAuts
  Lair:1: 1004 daAuts
  Lair:4: 995 daAuts
     D:6: 915 daAuts
  Lair:3: 906 daAuts
     D:7: 882 daAuts
     D:8: 862 daAuts
    D:10: 794 daAuts
     D:3: 727 daAuts
    D:11: 701 daAuts
     D:2: 656 daAuts
     D:4: 619 daAuts
